 Dungeon Crawl Stone Soup version 0.28-a0-1389-gc726bef33b (webtiles) character file.

Game seed: 2310329440715360954

14046 vineage the Fighter (level 11, -6/108 HPs)
             Began as a Minotaur Fighter on Jan 3, 2022.
             Was a High Priest of Okawaru.
             Mangled by a red ugly thing (17 damage)
             ... on level 11 of the Dungeon.
             The game lasted 00:17:36 (13604 turns).

vineage the Fighter (Minotaur Fighter)             Turns: 13604, Time: 00:17:37

Health: -6/108     AC: 26    Str: 26    XL:     11   Next: 83%
Magic:  5/10       EV: 11    Int: 15    God:    Okawaru [*****.]
Gold:   591        SH: 13    Dex: 15    Spells: 10/10 levels left

rFire   . . .      SeeInvis .   d - +1 flail (protect)
rCold   . . .      Faith    .   m - +0 kite shield
rNeg    . . .      Spirit   .   o - +1 chain mail "Xatedime" {rCorr Int+10 Dex-4 Slay+2}
rPois   +          Reflect  .   (helmet restricted)
rElec   .          Harm     .   u - +2 cloak {rPois}
rCorr   +          Rampage  .   b - +0 pair of gloves {infuse}
Will    .....                   (no boots)
Stlth   ..........              (no amulet)
HPRegen 0.28/turn               h - +6 ring of strength
MPRegen 0.12/turn               w - +6 ring of dexterity

@: mighty, heroic, under a protective aura
A: horns 2, retaliatory headbutt, weak 1
a: Renounce Religion, Heroism, Finesse, Duel


You were on level 11 of the Dungeon.
You worshipped Okawaru.
Okawaru was extremely pleased with you.
You visited 2 branches of the dungeon, and saw 12 of its levels.
You also visited: Bailey.

You collected 752 gold pieces.
You spent 161 gold pieces at shops.

Inventory:

Hand Weapons
 a - a +0 flail
 d - a +1 flail of protection (weapon)
Armour
 b - a +0 pair of gloves of infusion (worn)
 m - a +0 kite shield (worn)
 o - the +1 chain mail "Xatedime" (worn) {rCorr Int+10 Dex-4 Slay+2}
   (You bought it in a shop on level 2 of the Dungeon)

   Int:       It affects your intelligence (+10).
   Dex:       It affects your dexterity (-4).
   Slay:      It affects your accuracy & damage with ranged weapons and melee
   (+2).
   rCorr:     It protects you from acid and corrosion.
 u - a +2 cloak of poison resistance (worn)
Jewellery
 h - a +6 ring of strength (left hand)
 w - a +6 ring of dexterity (right hand)
Wands
 t - a wand of paralysis (8)
 v - a wand of acid (8)
 y - a wand of flame (5)
Scrolls
 c - a scroll of immolation {unknown}
 f - a scroll of silence
 k - 4 scrolls of enchant armour
 q - 2 scrolls of amnesia
Potions
 g - a potion of lignification
 i - 3 potions of brilliance
 l - a potion of cancellation
 n - 2 potions of might
 p - 2 potions of berserk rage
 r - 2 potions of attraction


   Skills:
 + Level 13.7(18.7) Fighting
 + Level 13.4(18.4) Maces & Flails
 - Level 10.2(15.2) Armour
 - Level 10.2(15.2) Shields


You had 10 spell levels left.
You didn't know any spells.
Your spell library contained the following spells:

 Spells                   Type           Power      Damage    Failure   Level
 Slow                     Hex            0%         N/A       69%         1
 Confusing Touch          Hex            0%         N/A       96%         3
 Lesser Beckoning         Tloc           0%         N/A       96%         3
 Vampiric Draining        Necr           0%         2d6       96%         3
 Fulminant Prism          Conj/Hex       0%         3d6       100%        4
 Iskenderun's Mystic Bla  Conj/Tloc      0%         2d3       100%        4
 Lee's Rapid Deconstruct  Erth           0%         3d5*      100%        5
 Summon Forest            Summ/Tloc      Unusable   N/A       N/A         5

Dungeon Overview and Level Annotations

Branches:
Dungeon (11/15)            Temple (1/1) D:4          Bailey (visited)
   Lair: D:8-11         Orc: D:9-12

Altars:
Hepliaklqana
Kikubaaqudgha
Okawaru
Qazlal
Sif Muna
Zin

Shops:
D:2 *   D:7 :

Annotations:
D:11 Sonja


Innate Abilities, Weirdness & Mutations

You have a pair of horns on your head.
You reflexively headbutt those who attack you in melee.
You are weak. (Str -2)


Message History

The tengu warrior barely misses you.
You gain the combat prowess of a mighty hero.
The tengu warrior hits you with a +0 great mace!
* * * LOW HITPOINT WARNING * * *
The tengu warrior pecks you but does no damage.
The tengu warrior claws you but does no damage.
You closely miss the tengu warrior. The tengu warrior barely misses you.
You block the tengu warrior's attack. x2
You hit the tengu warrior.
Your weapon exudes an aura of protection.
The tengu warrior is lightly wounded.
The tengu warrior hits you but does no damage.
You block the tengu warrior's attack.
The tengu warrior claws you but does no damage.
You bludgeon the tengu warrior!!
The tengu warrior is heavily wounded.
You closely miss the tengu warrior.
The tengu warrior is heavily wounded.
The tengu warrior closely misses you. The tengu warrior pecks you.
* * * LOW HITPOINT WARNING * * *
You block the tengu warrior's attack.
You closely miss the tengu warrior. Your headbutt misses the tengu warrior.
The tengu warrior is heavily wounded.
The tengu warrior barely misses you. You furiously retaliate!
You headbutt the tengu warrior!! The tengu warrior barely misses you.
You block the tengu warrior's attack.
You bludgeon the tengu warrior!!
You kill the tengu warrior!
Okawaru is honoured by your kill.
The centaur warrior shoots an arrow.
The arrow hits you!
* * * LOW HITPOINT WARNING * * *
You bludgeon the red ugly thing!! You headbutt the red ugly thing!
The red ugly thing is severely wounded.
The red ugly thing tentacle-slaps you but does no damage.
You feel better.
Sonja gestures wildly while chanting.
Sonja blinks!
The red ugly thing tentacle-slaps you!
* * * LOW HITPOINT WARNING * * *
You are engulfed in flames!
You die...

.............# .............#
.........#...# #....#...#...# ##
# .........#...# .#.# ..
#.........### .#.#
..##.........##. ...
...Kc.C.c....#..#.#
#...u#.T.#c..# #@#
.....#...#...###u################
.....#...#>....§c...............#
..:..#...###.###.###......##....#
....)#...###.###.###..##..##....#
######...##.................<..))
.........##..†.....#...........)#
......)..)....[....#..####.#....#
.......#.#.........#............#


You could see a red ugly thing and a centaur warrior.

Vanquished Creatures
  Josephine (D:10)
  A two-headed ogre (D:9)
  A tengu warrior (D:11)
  The ghost of benappo the Thaumaturge, a novice DjTm of Elyvilon (D:10)
  3 skeletal warriors
  An orc knight (Bailey)
  An ugly thing (D:11)
  2 spectral centaurs (D:10)
  An unseen horror (D:10)
  A kobold demonologist (D:10)
  2 trolls
  A hornet (D:9)
  A wolf spider simulacrum (D:10)
  A centaur simulacrum (D:10)
  A vampire (D:9)
  4 wraiths
  A steam dragon (D:8)
  An acid dragon (D:10)
  2 ice beasts
  15 orc warriors
  A sky beast (D:8)
  2 black bears
  4 necrophages
  3 ogres
  2 phantoms
  4 centaurs
  3 bullfrogs
  3 kobold brigands
  2 scorpions
  A wyvern zombie (D:8)
  14 killer bees
  3 wights (D:6)
  9 howler monkeys
  A bullfrog zombie (D:5)
  6 centaur zombies
  A bullfrog skeleton (D:6)
  Crazy Yiuf (D:7)
  A gnoll shaman (D:4)
  5 orc priests
  2 iguanas
  13 orc wizards
  A killer bee zombie (D:5)
  A howler monkey zombie (D:8)
  13 gnolls
  7 adders
  A shadow imp (D:6)
  2 ufetubi
  4 dart slugs
  46 orcs
  13 endoplasms
  3 giant cockroaches
  11 goblins
  5 hobgoblins
  4 jackals (D:1)
  22 kobolds
  3 quokkas
  5 ball pythons
  8 bats
  2 frilled lizards
  3 rats
277 creatures vanquished.

Notes
Turn   | Place    | Note
-------+----------+-------------------------------------------
     0 | D:1      | vineage the Minotaur Fighter began the quest for the Orb.
     0 | D:1      | Reached XP level 1. HP: 19/19 MP: 0/0
   152 | D:1      | Reached XP level 2. HP: 21/27 MP: 1/1
   434 | D:1      | Reached skill level 5 in Fighting
   435 | D:1      | Reached XP level 3. HP: 33/36 MP: 2/2
   888 | D:2      | You fall into a shaft and drop 2 floors!
   910 | D:4      | Reached XP level 4. HP: 7/44 MP: 3/3
  1471 | D:3      | Noticed a phantom
  1489 | D:3      | Killed a phantom
  1490 | D:3      | Reached XP level 5. HP: 45/52 MP: 4/4
  1615 | D:3      | Found a faded altar of an unknown god.
  1703 | D:2      | Found a hazy altar of Hepliaklqana.
  1949 | D:2      | Found Vuocoteo's Assorted Antiques.
  2623 | D:4      | Noticed an ogre
  2633 | D:4      | Killed an ogre
  2634 | D:4      | Reached XP level 6. HP: 56/62 MP: 5/5
  2819 | D:4      | Found a staircase to the Ecumenical Temple.
  3246 | D:5      | Entered Level 5 of the Dungeon
  3327 | D:4      | Reached XP level 7. HP: 51/71 MP: 6/6
  3439 | D:4      | Reached skill level 10 in Fighting
  4028 | D:2      | Bought a transparent chain mail for 161 gold pieces
  4028 | D:2      | Identified the +1 chain mail "Xatedime" {rCorr Int+10 Dex-4
                  | Slay+2} (You bought it in a shop on level 2 of the Dungeon)
  4081 | Temple   | Entered the Ecumenical Temple
  4093 | Temple   | Became a worshipper of Warmaster Okawaru
  4349 | D:6      | Reached XP level 8. HP: 83/83 MP: 7/7
  4518 | D:6      | Reached * piety under Okawaru
  4608 | D:6      | Reached skill level 5 in Maces & Flails
  5524 | D:7      | Reached ** piety under Okawaru
  5575 | D:7      | Reached XP level 9. HP: 90/90 MP: 8/8
  5714 | D:7      | Found a runed translucent door.
  5715 | D:7      | Noticed Crazy Yiuf
  5829 | D:7      | Found Saarape's Book Shoppe.
  5840 | D:7      | Noticed a troll
  5870 | D:6      | Killed a troll
  6212 | D:7      | Reached skill level 10 in Maces & Flails
  6679 | D:7      | Killed Crazy Yiuf
  6695 | D:7      | Identified a scroll of acquirement
  6695 | D:7      | Acquired a +0 pair of gloves of infusion
  6891 | D:8      | Found a stormy altar of Qazlal.
  6994 | D:8      | Reached *** piety under Okawaru
  7134 | D:8      | Found an ancient bone altar of Kikubaaqudgha.
  7135 | D:8      | Found a glowing silver altar of Zin.
  7404 | D:8      | Reached skill level 5 in Armour
  7404 | D:8      | Reached skill level 5 in Shields
  7872 | D:8      | Reached XP level 10. HP: 68/97 MP: 6/9
  8224 | D:9      | Reached **** piety under Okawaru
  8278 | D:9      | Noticed a two-headed ogre
  8286 | D:9      | Killed a two-headed ogre
  8343 | D:9      | Found a flagged portal.
  8352 | Bailey   | Entered a bailey
  9395 | Bailey   | Noticed an orc knight
  9416 | Bailey   | Killed an orc knight
  9715 | Bailey   | Got Lurea's Compendium of the Compass
 10409 | D:9      | Gained mutation: You are weak. (Str -2) [potion of
                  | mutation]
 10447 | D:10     | Entered Level 10 of the Dungeon
 10623 | D:10     | Reached XP level 11. HP: 104/104 MP: 3/10
 11318 | D:10     | Found a runed translucent gate.
 11319 | D:10     | Found a runed translucent gate.
 11320 | D:10     | Found a runed translucent gate.
 11354 | D:10     | Noticed benappo's ghost (novice DjTm)
 11834 | D:10     | Reached ***** piety under Okawaru
 11908 | D:10     | Killed benappo's ghost
 11909 | D:10     | Reached skill level 10 in Armour
 11909 | D:10     | Reached skill level 10 in Shields
 12050 | D:11     | Noticed Josephine
 12050 | D:11     | Noticed a skeletal warrior
 12050 | D:11     | Noticed a skeletal warrior
 12050 | D:11     | Noticed a skeletal warrior
 12062 | D:10     | Killed a skeletal warrior
 12062 | D:10     | Received a gift from Okawaru
 12138 | D:11     | Noticed a skeletal warrior
 12401 | D:9      | Killed a skeletal warrior
 12607 | D:10     | Killed a skeletal warrior
 13043 | D:10     | Killed Josephine
 13443 | D:11     | Noticed a purple ugly thing
 13453 | D:11     | Killed a purple ugly thing
 13572 | D:11     | Noticed a tengu warrior
 13573 | D:11     | Noticed Sonja
 13575 | D:11     | Noticed a boulder beetle
 13577 | D:11     | Noticed a red ugly thing
 13579 | D:11     | Noticed a centaur warrior
 13602 | D:11     | Killed a tengu warrior
 13604 | D:11     | Mangled by a red ugly thing

Illustrated notes

Levels and vault maps discovered:
D:1:      dpeg_arrival_oval, layout_basic, minmay_split_cup_large
D:2:      layout_basic, serial_shops, nicolae_shop_behind_doors, basic_altar,
          kennysheep_another_room
D:3:      layout_basic, nicolae_ecumenical_pavilion, minivault_24
D:4:      layout_loops_cross, temple_statues
D:5:      layout_loops_cross
D:6:      layout_loops_corners
D:7:      layout_gridville, serial_shops, shop_statue, uniq_crazy_yiuf_cottage
D:8:      layout_rooms, general_overflow_altar, jmf_multi_god_temple
D:9:      layout_loops_ring, enter_bailey_2, amcnicky_mini_corridor_feature
D:10:     layout_cave_pools, gammafunk_ghost_necromancy
D:11:     minmay_cut_squares, layout_basic, lair_entry_dummy, erik_orc_3,
          gammafunk_ghost_smash, moated_statue, nicolae_elemental_shop,
          uniq_sonja, uniq_josephine
Temple:   mainiacjoe_temple_bowtie_tessellation

Skill      XL: |  1  2  3  4  5  6  7  8  9 10 11 |
---------------+----------------------------------+-----
Fighting       | 4 5 7 8 9 11 12 13 | 13.7
Maces & Flails | 8 11 13 | 13.4
Armour         | 5 9 10 | 10.2
Shields        | 5 9 10 | 10.2

Action                   |  1- 3 |  4- 6 |  7- 9 | 10-12 || total
-------------------------+-------+-------+-------+-------++-------
Melee: Flail             |    54 |   143 |   336 |   344 ||   877
       Headbutt          |     9 |    24 |    53 |    84 ||   170
Invok: Heroism           |       |       |     1 |     7 ||     8
  Use: Potion            |     1 |       |     1 |    11 ||    13
       Scroll            |       |    13 |     2 |    12 ||    27
Armor: Scale mail        |    17 |    58 |    67 |       ||   142
       Chain mail        |       |       |   190 |   263 ||   453
Dodge: Dodged            |    20 |    63 |   129 |   109 ||   321
Block: Buckler           |     6 |    42 |    80 |       ||   128
       Kite shield       |       |       |    24 |   234 ||   258

Table legend: (Time is in decaauts)
 A = Elapsed time spent in this place.
 B = Non-inter-level travel time spent in this place.
 C = Inter-level travel time spent in this place.
 D = Time resting spent in this place.
 E = Time spent auto-exploring this place.
 F = Levels seen in this place.
 G = Mean time per level.
                   A        B        C        D        E       F      G
               +--------+--------+--------+--------+--------+-----+--------+
         Total |  13728 |  13223 |    505 |   3724 |   7364 |  13 | 1056.0 |
       Dungeon |  12303 |  11811 |    492 |   2947 |   6932 |  11 | 1118.5 |
        Temple |     21 |      9 |     12 |      0 |      6 |   1 |   21.0 |
        Bailey |   1403 |   1403 |      0 |    777 |    425 |   1 | 1403.0 |
               +--------+--------+--------+--------+--------+-----+--------+

Top non-repeatable levels by time:
    D:10: 2249 daAuts
     D:4: 1602 daAuts
     D:6: 1463 daAuts
  Bailey: 1403 daAuts
     D:9: 1330 daAuts
     D:8: 1296 daAuts
     D:7: 1231 daAuts
     D:1: 816 daAuts
     D:3: 724 daAuts
     D:2: 626 daAuts
    D:11: 520 daAuts
     D:5: 441 daAuts
  Temple: 21 daAuts
